IL
NORFOLK TIDES @ PAWTUCKET RED SOX
08/13/2048
 
TOP OF THE 1ST
Norfolk Tides batting - Pitching for Pawtucket Red Sox : RHP Andy Garvin
Pitching: RHP Andy Garvin
Batting: RHB Bobby Melillo 0-0: Swinging Strike
0-1: Called Strike
0-2: Foul Ball, location: 2F
0-2: Strikes out swinging
Batting: RHB Mario Saez 0-0: Called Strike
0-1: Ground out 5-3 (Groundball, 5S, EV 62.5 MPH)
Batting: LHB Wes Goscinski 0-0: Swinging Strike
0-1: Foul Ball, location: 2F
0-2: Ball
1-2: Ball
2-2: Ground out U3 (Groundball, 3L, EV 105.0 MPH)
Top of the 1st over - 0 runs, 0 hits, 0 errors, 0 left on base; Norfolk 0 - Pawtucket 0
BOTTOM OF THE 1ST
Pawtucket Red Sox batting - Pitching for Norfolk Tides : RHP Nick Hoag
Pitching: RHP Nick Hoag
Batting: SHB Ben Ervin 0-0: SINGLE (Line Drive, 7S, EV 104.4 MPH)
Batting: RHB Dave Burwell 0-0: Fielders Choice at 2nd, 6-4 (Groundball, 6, EV 80.0 MPH)
Batting: RHB Jose Diaz 0-0: Called Strike
Dave Burwell steals 2nd base
0-1: Called Strike
0-2: Ball
1-2: Ball
2-2: Strikes out swinging
Batting: RHB Brandon Perris 0-0: Ball
1-0: Foul Ball, location: 2F
1-1: Foul Ball, location: 2F
1-2: Strikes out swinging
Bottom of the 1st over - 0 runs, 1 hit, 0 errors, 1 left on base; Norfolk 0 - Pawtucket 0
TOP OF THE 2ND
Norfolk Tides batting - Pitching for Pawtucket Red Sox : RHP Andy Garvin
Batting: RHB Kory Sanchez 0-0: Called Strike
0-1: Ball
1-1: Foul Ball, location: 2F
1-2: Ball
2-2: Foul Ball, location: 2F
2-2: Strikes out looking
Batting: SHB Brian Bentz 0-0: Called Strike
0-1: Ball
1-1: SINGLE (Flyball, 78S, EV 96.9 MPH)
Batting: RHB Bobby Scholl 0-0: Called Strike
Brian Bentz steals 2nd base
0-1: Ball
1-1: Ball
2-1: Foul Ball, location: 2F
2-2: Ball
3-2: Ground out 3-1 (Groundball, 34, EV 89.4 MPH)
Brian Bentz to third
Batting: RHB Travis Carter 0-0: Swinging Strike
0-1: Ball
1-1: Foul Ball, location: 2F
1-2: Fly out, F8 (Flyball, 8LM, EV 91.9 MPH)
Top of the 2nd over - 0 runs, 1 hit, 0 errors, 1 left on base; Norfolk 0 - Pawtucket 0
BOTTOM OF THE 2ND
Pawtucket Red Sox batting - Pitching for Norfolk Tides : RHP Nick Hoag
Batting: RHB Matt Hinkle 0-0: Ball
1-0: Ball
2-0: Called Strike
2-1: Ball
3-1: Foul Ball, location: 2F
3-2: Base on Balls
Batting: RHB Sal Rivera 0-0: Grounds into double play, 5-4-3 (Groundball, 56S, EV 83.8 MPH)
Batting: RHB Neil Mautone 0-0: Ball
1-0: Foul Ball, location: 2F
1-1: Ball
2-1: Ball
3-1: Fly out, F8 (Flyball, 8RD, EV 99.4 MPH)
Bottom of the 2nd over - 0 runs, 0 hits, 0 errors, 0 left on base; Norfolk 0 - Pawtucket 0
TOP OF THE 3RD
Norfolk Tides batting - Pitching for Pawtucket Red Sox : RHP Andy Garvin
Batting: LHB Tyler Allen 0-0: Ball
1-0: Fly out, F7 (Flyball, 7, EV 93.8 MPH)
Batting: LHB James Betron 0-0: Ball
1-0: Swinging Strike
1-1: Called Strike
1-2: Ball
2-2: Fly out, F8 (Flyball, 89D, EV 83.1 MPH)
Batting: RHB Bobby Melillo 0-0: Ball
1-0: Called Strike
1-1: Swinging Strike
1-2: Ball
2-2: Ground out 4-3 (Groundball, 34, EV 84.4 MPH)
Top of the 3rd over - 0 runs, 0 hits, 0 errors, 0 left on base; Norfolk 0 - Pawtucket 0
BOTTOM OF THE 3RD
Pawtucket Red Sox batting - Pitching for Norfolk Tides : RHP Nick Hoag
Batting: RHB Andy Garvin 0-0: Swinging Strike
0-1: Swinging Strike
0-2: Ball
1-2: Foul Ball, location: 2F
1-2: Strikes out swinging
Batting: RHB Joe Evrard 0-0: Called Strike
0-1: SINGLE (Groundball, 56D, EV 106.2 MPH)
Batting: SHB Ben Ervin 0-0: Ball
1-0: Swinging Strike
1-1: Ball
2-1: Called Strike
2-2: Strikes out looking
Batting: RHB Dave Burwell 0-0: Called Strike
0-1: Ball
1-1: Ball
2-1: SINGLE (Line Drive, 5D, EV 98.8 MPH)
Joe Evrard to second
Batting: RHB Jose Diaz 0-0: Swinging Strike
0-1: Swinging Strike
0-2: Foul Ball, location: 2F
0-2: Strikes out swinging
Bottom of the 3rd over - 0 runs, 2 hits, 0 errors, 2 left on base; Norfolk 0 - Pawtucket 0
TOP OF THE 4TH
Norfolk Tides batting - Pitching for Pawtucket Red Sox : RHP Andy Garvin
Batting: RHB Mario Saez 0-0: Ball
1-0: Ball
2-0: Foul Ball, location: 2F
2-1: Ground out 5-3 (Groundball, 56, EV 85.6 MPH)
Batting: LHB Wes Goscinski 0-0: Called Strike
0-1: Ground out 5-3 (Groundball, 56, EV 105.6 MPH)
Batting: RHB Kory Sanchez 0-0: Foul Ball, location: 2F
0-1: Swinging Strike
0-2: Ball
1-2: Strikes out looking
Top of the 4th over - 0 runs, 0 hits, 0 errors, 0 left on base; Norfolk 0 - Pawtucket 0
BOTTOM OF THE 4TH
Pawtucket Red Sox batting - Pitching for Norfolk Tides : RHP Nick Hoag
Batting: RHB Brandon Perris 0-0: Called Strike
0-1: Swinging Strike
0-2: Strikes out looking
Batting: RHB Matt Hinkle 0-0: Called Strike
0-1: Ball
1-1: Swinging Strike
1-2: Ball
2-2: SINGLE (Line Drive, 4, EV 98.1 MPH)
Batting: RHB Sal Rivera 0-0: Ball
1-0: Foul Ball, location: 2F
1-1: Ball
2-1: Ball
3-1: Swinging Strike
3-2: Base on Balls
Matt Hinkle to second
Batting: RHB Neil Mautone 0-0: Called Strike
0-1: Foul Ball, location: 2F
0-2: Ball
1-2: Ball
2-2: Ball
3-2: Foul Ball, location: 2F
3-2: Foul Ball, location: 2F
3-2: Strikes out swinging
Batting: RHB Andy Garvin 0-0: Ball
1-0: Foul Ball, location: 2F
1-1: Foul Ball, location: 2F
1-2: Ball
2-2: Strikes out swinging
Bottom of the 4th over - 0 runs, 1 hit, 0 errors, 2 left on base; Norfolk 0 - Pawtucket 0
TOP OF THE 5TH
Norfolk Tides batting - Pitching for Pawtucket Red Sox : RHP Andy Garvin
Batting: SHB Brian Bentz 0-0: Swinging Strike
0-1: Ball
1-1: Ball
2-1: Ground out 4-3 (Groundball, 4, EV 92.5 MPH)
Batting: RHB Bobby Scholl 0-0: Foul Ball, location: 2F
0-1: Ball
1-1: Foul Ball, location: 2F
1-2: Ball
2-2: Ground out U3 (Groundball, 34S, EV 92.5 MPH)
Batting: RHB Travis Carter 0-0: Ball
1-0: Ground out 3-1 (Groundball, 34, EV 75.6 MPH)
Top of the 5th over - 0 runs, 0 hits, 0 errors, 0 left on base; Norfolk 0 - Pawtucket 0
BOTTOM OF THE 5TH
Pawtucket Red Sox batting - Pitching for Norfolk Tides : RHP Nick Hoag
Batting: RHB Joe Evrard 0-0: Ball
1-0: Ball
2-0: Ground out 3-1 (Groundball, 34S, EV 85.6 MPH)
Batting: SHB Ben Ervin 0-0: SINGLE (Line Drive, 4MD, EV 101.9 MPH)
Batting: RHB Dave Burwell 0-0: Called Strike
0-1: Ball
Wild Pitch!
Ben Ervin to second
1-1: Ball
2-1: Ball
3-1: Foul Ball, location: 2F
3-2: Ground out 6-3 (Groundball, 6, EV 90.6 MPH)
Ben Ervin to third
Pitching: RHP Dou-guan Ti
Batting: RHB Jose Diaz 0-0: Foul Ball, location: 2F
0-1: Ball
1-1: Ball
2-1: Ball
3-1: Swinging Strike
3-2: Foul Ball, location: 2F
3-2: Base on Balls
Batting: RHB Brandon Perris 0-0: Ball
1-0: Ball
2-0: Ball
3-0: Called Strike
3-1: Swinging Strike
3-2: Ground out 5-3 (Groundball, 56, EV 85.6 MPH)
Bottom of the 5th over - 0 runs, 1 hit, 0 errors, 2 left on base; Norfolk 0 - Pawtucket 0
TOP OF THE 6TH
Norfolk Tides batting - Pitching for Pawtucket Red Sox : RHP Andy Garvin
Batting: LHB Tyler Allen 0-0: Fly out, F4 (Line Drive, 34, EV 73.8 MPH)
Batting: LHB James Betron 0-0: Reached on error, E6 (Groundball, 6M, EV 103.8 MPH)
Batting: RHB Bobby Melillo 0-0: Reached on error, E6 (Groundball, 6, EV 90.6 MPH)
James Betron scores
Batting: RHB Mario Saez 0-0: Swinging Strike
0-1: Foul Ball, location: 2F
0-2: Ball
1-2: Ball
2-2: Fly out, F7 (Flyball, 78M, EV 90.6 MPH)
Batting: LHB Wes Goscinski 0-0: Called Strike
0-1: Ball
1-1: Swinging Strike
1-2: Strikes out swinging
Top of the 6th over - 1 run, 0 hits, 2 errors, 1 left on base; Norfolk 1 - Pawtucket 0
BOTTOM OF THE 6TH
Pawtucket Red Sox batting - Pitching for Norfolk Tides : RHP Dou-guan Ti
Batting: RHB Matt Hinkle 0-0: Called Strike
0-1: Ground out 6-3 (Groundball, 6, EV 84.4 MPH)
Batting: RHB Sal Rivera 0-0: Ground out 6-3 (Groundball, 56, EV 85.0 MPH)
Batting: RHB Neil Mautone 0-0: Ball
1-0: Ball
2-0: Ball
3-0: Base on Balls
Batting: RHB Andy Garvin 0-0: Ball
1-0: Ball
2-0: Foul Ball, location: 2F
2-1: Ball
3-1: Foul Ball, location: 2F
3-2: Base on Balls
Neil Mautone to second
Pinch Hitting: LHB Julian Toney 0-0: Called Strike
0-1: Ball
1-1: Ball
Wild Pitch!
Neil Mautone to third
Andy Garvin to second
2-1: Swinging Strike
2-2: Ball
3-2: Foul Ball, location: 2F
3-2: SINGLE (Groundball, 34D, EV 101.2 MPH)
Neil Mautone scores
Andy Garvin to third
Batting: SHB Ben Ervin 0-0: Called Strike
0-1: Ball
1-1: Ball
2-1: Foul Ball, location: 2F
2-2: Foul Ball, location: 2F
2-2: SINGLE (Groundball, 5L, EV 106.2 MPH) (infield hit)
Andy Garvin scores
Julian Toney to second
Batting: RHB Dave Burwell 0-0: Ground out 5-3 (Groundball, 5S, EV 83.1 MPH)
Bottom of the 6th over - 2 runs, 2 hits, 0 errors, 2 left on base; Norfolk 1 - Pawtucket 2
TOP OF THE 7TH
Norfolk Tides batting - Pitching for Pawtucket Red Sox : RHP Andy Garvin
Now at 3B: David Norum
Now at SS: Brandon Perris
Batting: RHB Kory Sanchez 0-0: Called Strike
0-1: Ball
1-1: Ground out 3-1 (Groundball, 34, EV 100.0 MPH)
Batting: SHB Brian Bentz 0-0: Foul Ball, location: 2F
0-1: Ball
1-1: Swinging Strike
1-2: Ball
2-2: Ground out 6-3 (Groundball, 4, EV 83.1 MPH)
Batting: RHB Bobby Scholl 0-0: Ball
1-0: Called Strike
1-1: Ball
2-1: Foul Ball, location: 2F
2-2: Strikes out swinging
Top of the 7th over - 0 runs, 0 hits, 0 errors, 0 left on base; Norfolk 1 - Pawtucket 2
BOTTOM OF THE 7TH
Pawtucket Red Sox batting - Pitching for Norfolk Tides : RHP Dou-guan Ti
Pitching: LHP Eric Bice
Batting: RHB Jose Diaz 0-0: Ball
1-0: Called Strike
1-1: DOUBLE (Flyball, 8LXD, EV 96.9 MPH)
Batting: RHB Brandon Perris 0-0: Fly out, F9 (Flyball, 9LM, EV 93.8 MPH)
Runner from 2nd tags up, SAFE at 3rd with throw by RF
Batting: RHB Matt Hinkle 0-0: Intentional Walk
Batting: RHB Sal Rivera 0-0: Called Strike
Matt Hinkle steals 2nd, throwing error, E2
Jose Diaz scores
Matt Hinkle to third
0-1: Ball
1-1: Ball
2-1: Ball
3-1: Called Strike
3-2: Strikes out looking
Batting: RHB Neil Mautone 0-0: Ball
Steal of home, Matt Hinkle is safe
1-0: Swinging Strike
1-1: Called Strike
1-2: Ball
2-2: Ball
3-2: Base on Balls
Batting: RHB Andy Garvin 0-0: Called Strike
0-1: Ball
1-1: Ball
2-1: Ball
3-1: Base on Balls
Neil Mautone to second
Batting: RHB David Norum 0-0: Ball
1-0: Ball
2-0: Reached via error on a dropped throw from 1B, E1 (Groundball, 34, EV 101.2 MPH)
Neil Mautone to third
Andy Garvin to second
Batting: SHB Ben Ervin 0-0: Fielders Choice at 2nd, 6-4 (Groundball, 6, EV 78.1 MPH)
Bottom of the 7th over - 2 runs, 1 hit, 2 errors, 3 left on base; Norfolk 1 - Pawtucket 4
TOP OF THE 8TH
Norfolk Tides batting - Pitching for Pawtucket Red Sox : RHP Andy Garvin
Batting: RHB Travis Carter 0-0: Called Strike
0-1: Ball
1-1: Ball
2-1: Foul Ball, location: 2F
2-2: Ground out 5-3 (Groundball, 5, EV 105.6 MPH)
Batting: LHB Tyler Allen 0-0: Called Strike
0-1: Ball
1-1: Foul Ball, location: 2F
1-2: Strikes out swinging
Batting: LHB James Betron 0-0: Ground out U3 (Groundball, 3, EV 89.4 MPH)
Top of the 8th over - 0 runs, 0 hits, 0 errors, 0 left on base; Norfolk 1 - Pawtucket 4
BOTTOM OF THE 8TH
Pawtucket Red Sox batting - Pitching for Norfolk Tides : LHP Eric Bice
Batting: RHB Dave Burwell 0-0: Ball
1-0: Called Strike
1-1: Swinging Strike
1-2: Ball
2-2: Ground out 5-3 (Groundball, 56S, EV 90.0 MPH)
Batting: RHB Jose Diaz 0-0: Ground out 4-3 (Groundball, 4, EV 83.1 MPH)
Batting: RHB Brandon Perris 0-0: Called Strike
0-1: Ball
1-1: Ball
2-1: Ball
3-1: Called Strike
3-2: SINGLE (Line Drive, 9S, EV 93.8 MPH)
Batting: RHB Matt Hinkle 0-0: Ball
1-0: DOUBLE (Flyball, 8LXD, EV 99.4 MPH)
Brandon Perris to third
Runner from 3rd tries for Home, SAFE, no throw by CF
Pitching: RHP Travis Small
Batting: RHB Sal Rivera 0-0: Ball
1-0: Called Strike
1-1: SINGLE (Groundball, 56D, EV 100.0 MPH)
Matt Hinkle to third
Runner from 3rd tries for Home, throw by LF and OUT! 7-2
Bottom of the 8th over - 1 run, 3 hits, 0 errors, 1 left on base; Norfolk 1 - Pawtucket 5
TOP OF THE 9TH
Norfolk Tides batting - Pitching for Pawtucket Red Sox : RHP Andy Garvin
Pitching: LHP Eric Del Sordo
Batting: RHB Bobby Melillo 0-0: Called Strike
0-1: Foul Ball, location: 2F
0-2: Strikes out swinging
Batting: RHB Mario Saez 0-0: Foul Ball, location: 2F
0-1: Foul Ball, location: 2F
0-2: Ball
1-2: Foul Ball, location: 2F
1-2: Foul Ball, location: 2F
1-2: Foul Ball, location: 2F
1-2: Strikes out swinging
Batting: LHB Wes Goscinski 0-0: Called Strike
0-1: Ball
1-1: Ball
2-1: Swinging Strike
2-2: Strikes out looking
Top of the 9th over - 0 runs, 0 hits, 0 errors, 0 left on base; Norfolk 1 - Pawtucket 5
Tuesday, March 28th , 2023 - OOTP Baseball 23.10 Build 110